Map: Jagannatha LE

Players

Serral - Winner!

  • Race: Zerg Zerg
  • League: Grandmaster
  • Spawn Location: 1:00

soul

  • Race: Terran Terran
  • League: Grandmaster
  • Spawn Location: 7:00

Event: DreamHack SC2 Masters 2020 Winter

VOD

Have the link to the VOD?

Description

Time

  • Played on: Oct. 25, 2020, 12:49 p.m.
  • Length: 6:54

All games in this series

Show
View Real Time Build Order
Export as new Build Order

Serral Zerg - Winner!

Build Orders: Pool First 

Get SALT Encoding   

  12  0:00  Drone  
  13  0:12  Overlord  
  13  0:17  Drone  
  14  0:30  Drone x2  
  14  0:34  Drone  
  17  0:44  Extractor  
  17  0:45  Drone  
  17  0:51  Spawning Pool  
  17  0:55  Drone  
  17  1:07  Drone  
  18  1:18  Hatchery  
  17  1:22  Drone  
  18  1:37  Queen  
  18  1:38  Zergling x2  
  21  1:40  Zergling x2  
  22  1:47  Metabolic Boost  
  22  1:53  Overlord  
  22  2:12  Drone x2  
  22  2:13  Queen  
  26  2:21  Drone  
  27  2:30  Zergling x2  
  27  2:31  Drone, Queen  
  31  2:43  Drone x2  
  33  2:45  Drone x2  
  33  2:50  Drone  
  36  2:52  Overlord  
  36  3:06  Hatchery  
  36  3:07  Drone  
  36  3:12  Drone x2  
  38  3:16  Drone  
  39  3:21  Drone  
  39  3:22  Overlord  
  39  3:24  Drone  
  39  3:25  Drone  
  42  3:31  Roach Warren  
  41  3:38  Drone x3  
  44  3:43  Overlord  
  44  3:45  Overlord  
  44  3:51  Queen  
  44  3:55  Overlord  
  45  4:06  Drone  
  46  4:11  Roach x5  
  56  4:17  Spore Crawler  
  56  4:18  Roach  
  56  4:19  Queen  
  56  4:22  Zergling x4  
  61  4:26  Zergling x2  
  61  4:27  Zergling x2  
  63  4:32  Ravager x2  
  63  4:33  Ravager  
  63  4:34  Overlord  
  66  4:40  Overlord  
  66  4:46  Overlord  
  66  4:50  Overlord  
  66  4:53  Zergling x2  
  66  4:54  Drone, Zergling x2  
  66  4:55  Drone x3  
  66  4:58  Zergling x2  
  66  4:59  Queen  
  73  5:03  Overlord  
  73  5:04  Drone  
  76  5:09  Drone x2  
  78  5:14  Drone  
  78  5:15  Drone  
  78  5:18  Drone x4  
  84  5:26  Drone x3  
  84  5:28  Lair  
  87  5:32  Roach  
  87  5:33  Roach  
  86  5:38  Drone  
  86  5:40  Drone  
  86  5:42  Drone x2  
  86  5:44  Drone x4  
  86  5:45  Drone  
  86  5:48  Extractor  
  84  5:50  Extractor  
  84  5:53  Drone x3  
  86  6:03  Evolution Chamber, Spore Crawler  
  88  6:04  Evolution Chamber, Roach x3  
  88  6:07  Queen x2  
  93  6:12  Spore Crawler  
  93  6:13  Spore Crawler  
  93  6:15  Roach x2  
  95  6:20  Zergling x14  
  100  6:30  Roach x2, Zergling x6  
  100  6:32  Spore Crawler  
Show
View Real Time Build Order
Export as new Build Order

soul Terran 

Build Orders: Reaper Expand 

Get SALT Encoding   

  12  0:00  SCV  
  13  0:12  SCV  
  14  0:17  Supply Depot  
  14  0:25  SCV  
  15  0:39  SCV  
  15  0:40  Barracks  
  16  0:44  Refinery  
  16  0:51  SCV  
  17  1:03  SCV  
  18  1:15  SCV  
  19  1:27  Orbital Command, Reaper  
  20  1:42  Command Center  
  20  1:53  Supply Depot, SCV  
  21  1:59  Marine  
  22  2:06  SCV  
  23  2:10  Factory  
  23  2:18  SCV, Refinery  
  23  2:21  Barracks Reactor  
  24  2:30  SCV  
  25  2:42  SCV  
  26  2:54  SCV  
  26  2:56  Orbital Command  
  26  2:57  Starport  
  26  3:06  SCV, Hellion x2  
  26  3:09  Barracks Tech Lab  
  30  3:18  SCV  
  31  3:23  SCV  
  32  3:27  Hellion  
  32  3:29  Marine  
  32  3:30  SCV  
  32  3:32  Hellion  
  38  3:35  SCV, Medivac  
  38  3:39  Supply Depot  
  41  3:42  SCV  
  41  3:46  Fusion Core  
  41  3:47  SCV  
  43  3:53  Marine  
  43  3:54  SCV  
  45  3:59  SCV  
  46  4:03  Stimpack  
  46  4:07  SCV, Hellion  
  46  4:08  Refinery  
  46  4:09  Hellion  
  51  4:12  SCV  
  52  4:17  Supply Depot  
  52  4:18  Starport Tech Lab  
  52  4:19  Marine  
  52  4:23  SCV  
  54  4:29  Supply Depot  
  54  4:38  Marine  
  54  4:39  Hellion x2  
  54  4:41  Supply Depot  
  61  4:51  Battlecruiser  
  65  4:54  SCV  
  65  4:56  Marine  
  65  4:57  SCV  
  65  4:59  Supply Depot  
  68  5:07  Armory, Hellion  
  68  5:11  Hellion  
  72  5:14  Marine  
  72  5:16  SCV  
  72  5:22  Supply Depot  
  72  5:23  SCV  
  61  5:43  SCV  
  61  5:44  Marine, SCV  
  62  5:54  Supply Depot  
  62  5:55  Supply Depot  
  62  5:58  Supply Depot  
  62  6:16  SCV x2  
  62  6:17  Hellion x2  
  71  6:23  Supply Depot  
  71  6:24  Supply Depot  
  71  6:25  Supply Depot  
  65  6:28  SCV  
Tags
 
Add a new tag
Caveats
  • Supply blocks, unpowered buildings, or Contaminate may cause inaccurate times.
  • Supply counts are checked every 10 seconds.